Map: Nightshade LE

Players

Nachoski - Winner!

  • Race: Terran Terran
  • League: Silver
  • Spawn Location: 5:00

tecnocrata

  • Race: Terran Terran
  • League: Bronze
  • Spawn Location: 11:00

VOD

Have the link to the VOD?

Description

Time

  • Played on: June 6, 2020, 5:18 p.m.
  • Length: 23:02
Show
View Real Time Build Order
Export as new Build Order

Nachoski Terran - Winner!

Build Orders: Banshee Rush 

Get SALT Encoding   

  12  0:02  SCV  
  13  0:14  Supply Depot  
  13  0:23  Refinery  
  13  0:26  SCV  
  14  0:42  Barracks  
  14  0:52  SCV  
  15  1:04  SCV  
  16  1:13  Supply Depot  
  16  1:16  SCV  
  17  1:30  Factory  
  17  1:32  Marine  
  18  1:51  Orbital Command  
  18  1:59  Marine  
  19  2:04  Supply Depot  
  19  2:10  Supply Depot  
  19  2:21  SCV  
  20  2:30  Starport  
  20  2:42  Starport  
  20  2:46  SCV, Refinery  
  21  2:56  Engineering Bay  
  22  2:58  SCV  
  22  3:00  Marine  
  23  3:13  SCV  
  23  3:15  Starport Tech Lab  
  23  3:18  Starport Tech Lab  
  24  3:25  Barracks  
  24  3:29  Barracks Tech Lab  
  24  3:33  Cloaking Field  
  24  3:44  SCV  
  25  3:53  Banshee  
  28  3:58  SCV  
  29  4:12  Command Center  
  29  4:17  Banshee  
  29  4:23  Barracks Reactor  
  32  4:27  Factory Tech Lab  
  32  4:38  Marine  
  33  4:44  Stimpack  
  33  4:53  SCV  
  33  4:55  Marine  
  35  5:03  Marine  
  35  5:04  Marine  
  35  5:05  SCV  
  41  5:07  Siege Tank  
  41  5:13  Marine  
  42  5:17  SCV  
  43  5:29  SCV  
  44  5:41  SCV  
  42  5:47  Marauder, Marine x2  
  42  5:49  Siege Tank  
  49  5:52  Orbital Command  
  49  5:53  SCV  
  50  5:57  Refinery  
  50  6:05  SCV, Marine x2  
  50  6:09  Marauder  
  55  6:12  Barracks  
  55  6:17  SCV  
  56  6:20  SCV  
  56  6:23  Marine x2  
  59  6:28  Terran Infantry Weapons Level 1  
  59  6:29  SCV, Marine  
  61  6:32  SCV  
  62  6:52  Supply Depot  
  62  6:59  SCV x2, Medivac  
  62  7:00  Supply Depot, Marauder  
  68  7:07  Refinery  
  68  7:11  SCV x2  
  70  7:18  Missile Turret  
  70  7:22  Supply Depot  
  70  7:24  SCV  
  71  7:30  Missile Turret  
  71  7:31  SCV  
  71  7:36  SCV  
  73  7:38  Missile Turret  
  73  7:43  SCV  
  74  7:48  SCV  
  75  7:51  Missile Turret  
  75  7:55  SCV  
  76  8:00  SCV  
  77  8:07  SCV  
  77  8:11  Missile Turret  
  77  8:12  SCV  
  79  8:16  Marauder, Marine x2  
  83  8:23  Terran Infantry Armor Level 1  
  80  8:29  Siege Tank  
  80  8:32  Missile Turret  
  83  8:34  Marine x2  
  83  8:37  Supply Depot, Marauder  
  83  8:39  Supply Depot  
  87  8:52  Marine x2  
  89  8:59  Marauder  
  89  9:01  Command Center, Siege Tank  
  92  9:03  Supply Depot  
  86  9:10  Marine x2  
  88  9:19  Barracks Reactor  
  88  9:20  Marauder  
  90  9:27  Marine  
  90  9:28  Marine  
  90  9:30  SCV  
  93  9:33  Siege Tank  
  96  9:42  SCV, Marauder  
  96  9:45  Marine x2  
  99  9:47  Refinery  
  101  9:54  SCV  
  101  10:03  Marauder  
  101  10:06  SCV  
  104  10:10  Medivac x2  
  108  10:18  SCV  
  109  10:24  Marauder  
  111  10:35  Starport  
  111  10:37  Planetary Fortress, Starport  
  111  10:40  Medivac x2  
  115  10:43  SCV  
  116  10:55  SCV  
  117  10:58  Armory  
  117  11:01  Neosteel Armor  
  117  11:07  SCV  
  117  11:10  Medivac, Banshee  
  108  11:19  SCV  
  108  11:20  Bunker  
  109  11:26  Missile Turret  
  109  11:31  SCV, Siege Tank  
  113  11:35  Marauder, Marine  
  113  11:36  Marine x3  
  119  11:40  Banshee  
  119  11:43  Starport Reactor  
  119  11:46  Armory, Missile Turret  
  122  11:49  Starport Reactor  
  122  11:52  Bunker  
  122  11:53  Marine x4, Banshee  
  129  11:56  Marauder  
  131  12:03  Siege Tank  
  131  12:07  Missile Turret  
  126  12:11  Marine x4  
  111  12:18  Marauder  
  110  12:23  Bunker, Banshee  
  110  12:28  Missile Turret, Marine  
  110  12:29  Marine x3  
  117  12:35  Siege Tank  
  117  12:36  Terran Ship Weapons Level 1, Terran Vehicle And Ship Armor Level 1, Banshee  
  123  12:39  Marauder  
  125  12:46  Marine  
  125  12:47  Marine x3  
  129  13:00  Marauder  
  129  13:01  Terran Infantry Weapons Level 2  
  129  13:04  Marine  
  129  13:05  Command Center, Marine  
  133  13:22  Refinery  
  133  13:28  Supply Depot  
  133  13:49  Marine x4, Siege Tank  
  133  13:51  Supply Depot  
  140  14:07  Marine  
  141  14:13  Viking, Marauder, Marine, Liberator  
  141  14:15  Supply Depot  
  149  14:17  Viking x2, Medivac, Marine x2, Liberator  
  149  14:21  Siege Tank  
  163  14:25  Marine  
  163  14:31  Marine  
  162  14:35  Marauder  
  162  14:36  Marine x2  
  166  14:39  Supply Depot  
  166  14:42  Marine  
  166  14:43  Medivac  
  163  14:47  Viking, Medivac x2  
  163  14:48  Marine  
  170  14:54  Marine x2  
  172  15:00  Marine, Banshee  
  172  15:01  Marauder  
  172  15:02  Supply Depot  
  172  15:06  Marine  
  179  15:08  Planetary Fortress  
  179  15:12  Marine  
  180  15:16  Terran Infantry Armor Level 2  
  180  15:23  SCV x2, Marine x2, Siege Tank  
  180  15:24  Marine  
  180  15:25  Supply Depot  
  180  15:26  Banshee  
  180  15:27  Viking, Marauder  
  195  15:30  Marine  
  196  15:36  SCV x2  
  196  15:41  Marine x2  
  200  15:47  Terran Ship Weapons Level 2  
  200  15:48  Terran Vehicle And Ship Armor Level 2  
  160  17:08  Marauder  
  160  17:09  Marine x4  
  164  17:22  SCV  
  165  17:27  Marine x4  
  171  17:30  Marauder  
  171  17:34  SCV  
  172  17:39  Refinery  
  172  17:44  Marine  
  172  17:45  Refinery, Marine x3  
  172  17:46  SCV  
  179  17:51  Marauder  
  179  17:57  Viking  
  179  17:58  Viking x5, SCV  
  192  18:02  Marine  
  192  18:03  Marine x3  
  198  18:13  Marauder  
  195  18:27  Viking  
  195  18:28  Viking  
  190  18:57  Viking  
  190  18:58  Viking  
  126  19:27  Viking  
  126  19:28  Viking  
  127  19:33  Orbital Command  
  127  19:43  Marauder  
  127  19:44  Marine x4  
  133  19:46  Siege Tank  
  133  19:49  Viking x3  
  133  19:50  Viking  
  142  19:57  Viking, Terran Ship Weapons Level 3  
  142  19:58  Viking  
  136  20:02  Marine x4  
  136  20:05  Marauder  
  139  20:18  Siege Tank  
  139  20:19  Viking x3, Marine  
  139  20:20  Refinery, Marine x3  
  152  20:26  Marauder, Refinery  
  154  20:37  Marine  
  154  20:38  Marine x3  
  158  20:48  Marauder  
  160  20:50  Siege Tank  
  163  21:03  Combat Shield  
  163  21:09  Marauder  
  159  21:23  Siege Tank  
  156  21:30  Viking x2  
  158  21:55  Siege Tank  
  147  22:20  Marauder  
  147  22:21  Marine x2  
  147  22:22  Marine x2  
  153  22:39  Marine x4  
Show
View Real Time Build Order
Export as new Build Order

tecnocrata Terran 

Build Orders: Mech 

Get SALT Encoding   

  12  0:11  Supply Depot  
  12  0:13  SCV  
  13  0:26  SCV  
  14  0:38  SCV  
  14  0:39  Barracks  
  15  0:50  SCV  
  16  1:02  SCV  
  16  1:03  Refinery  
  17  1:14  SCV  
  18  1:26  SCV  
  18  1:32  Bunker  
  19  1:33  Marine  
  19  1:38  SCV  
  21  1:44  Supply Depot  
  21  1:50  SCV  
  22  2:02  SCV  
  23  2:10  Marine  
  23  2:14  SCV  
  25  2:18  Command Center  
  25  2:27  SCV  
  25  2:28  Marine  
  27  2:39  SCV  
  28  2:49  Refinery, Factory  
  28  2:51  SCV  
  29  2:53  Supply Depot  
  29  2:57  Marine  
  30  3:11  SCV  
  31  3:15  Marine  
  31  3:19  Engineering Bay  
  32  3:23  SCV  
  33  3:29  Barracks  
  33  3:36  Marine  
  34  3:41  Factory Tech Lab  
  34  3:49  SCV  
  34  3:53  Marine  
  37  4:10  Orbital Command  
  37  4:13  Marine  
  37  4:29  SCV, Missile Turret  
  38  4:31  Marine  
  38  4:35  Terran Infantry Weapons Level 1  
  38  4:36  Missile Turret  
  38  4:37  Barracks  
  39  4:41  SCV  
  40  4:47  SCV  
  41  4:53  SCV, Siege Tank  
  41  4:59  Starport  
  46  5:00  SCV  
  46  5:05  Barracks Reactor  
  46  5:06  SCV  
  47  5:09  Barracks  
  47  5:14  SCV  
  48  5:15  Barracks Tech Lab  
  48  5:24  SCV, Missile Turret  
  48  5:26  SCV  
  50  5:35  Barracks  
  50  5:41  Marine x2  
  52  5:52  Marine  
  52  5:53  Missile Turret  
  52  5:54  SCV  
  52  5:55  Missile Turret  
  54  5:59  Supply Depot  
  54  6:00  Supply Depot  
  54  6:09  Barracks Reactor  
  54  6:10  Barracks Reactor  
  54  6:20  SCV x2, Medivac, Marine  
  54  6:23  Supply Depot  
  54  6:25  Supply Depot  
  59  6:33  Marine x2, Factory  
  59  6:34  Marine  
  59  6:36  Factory  
  59  6:37  Terran Infantry Armor Level 1  
  59  6:38  Marine  
  63  6:49  Command Center  
  63  6:50  Siege Tank  
  66  7:02  Refinery  
  66  7:05  SCV x2  
  66  7:06  Refinery  
  68  7:17  SCV  
  68  7:20  Factory Tech Lab  
  69  7:32  Factory Tech Lab  
  69  7:34  Siege Tank  
  72  7:43  SCV x2  
  74  7:45  Missile Turret  
  74  7:46  Missile Turret  
  74  7:47  Missile Turret  
  74  7:48  Missile Turret, Siege Tank  
  77  7:55  SCV x2, Marine x2  
  77  7:56  Marine  
  81  8:04  Missile Turret  
  74  8:35  Marine x5  
  74  8:36  Marine  
  80  8:47  Siege Tank x3  
  89  8:48  Marine x2  
  89  8:53  Marine x3  
  89  8:54  Armory  
  94  8:55  SCV  
  94  8:56  SCV  
  96  9:06  Marine x2  
  96  9:07  Marine x3  
  96  9:08  SCV x2  
  100  9:30  Sensor Tower  
  100  9:35  Supply Depot  
  100  9:37  Supply Depot  
  100  9:38  Marine  
  101  9:54  Marine  
  101  9:55  Marine, Siege Tank  
  101  10:02  Marine x5  
  101  10:03  Marine  
  101  10:05  Siege Tank x2  
  113  10:11  SCV  
  113  10:12  Marine  
  115  10:17  Supply Depot  
  115  10:19  Marine, Barracks  
  115  10:20  Marine, Barracks  
  117  10:26  Supply Depot  
  117  10:34  Supply Depot  
  117  10:37  Terran Infantry Weapons Level 2  
  117  10:38  Marine x5, Siege Tank  
  117  10:42  Engineering Bay  
  125  10:47  Marine  
  125  10:48  SCV, Siege Tank  
  130  11:00  SCV  
  126  11:11  Marine x2  
  126  11:12  SCV, Marine x6  
  135  11:29  Marine x4  
  135  11:30  Barracks Reactor  
  139  11:33  Terran Infantry Armor Level 2  
  139  11:36  Terran Vehicle Weapons Level 1  
  139  11:49  Starport x2  
  139  11:50  SCV  
  139  11:53  Refinery  
  140  11:54  Refinery  
  139  12:02  Thor  
  139  12:03  SCV  
  139  12:05  Thor  
  101  12:15  SCV  
  101  12:21  Marine x2  
  101  12:22  Marine x6  
  103  12:23  Marine x2  
  105  12:31  Siege Tank  
  103  12:39  Marine  
  103  12:42  Marine  
  103  12:43  Marine x3  
  105  12:45  Siege Tank  
  105  12:48  Command Center, Siege Tank  
  105  12:49  Medivac x2  
  112  12:57  Marine x3  
  112  12:58  Marine x2  
  116  13:03  Siege Tank  
  121  13:07  Combat Shield  
  121  13:17  Barracks Reactor  
  120  13:25  Orbital Command  
  120  13:27  Orbital Command  
  120  13:36  Medivac x3  
  120  13:40  Thor  
  132  13:50  SCV x2  
  134  14:02  SCV x2  
  132  14:14  SCV  
  132  14:15  SCV x3  
  132  14:22  Missile Turret  
  125  14:24  Missile Turret  
  125  14:26  Missile Turret  
  125  14:27  SCV x4  
  123  14:38  Missile Turret  
  123  14:39  SCV x4, Missile Turret  
  126  14:51  SCV x4  
  130  14:53  Marine  
  130  14:54  Marine x5  
  136  15:05  Missile Turret  
  136  15:07  Missile Turret x2  
  136  15:08  Supply Depot  
  136  15:10  SCV x4  
  140  15:23  SCV x3  
  143  15:35  SCV  
  143  15:45  Marine x3  
  143  15:46  Marine x4  
  143  15:47  SCV  
  143  15:48  Siege Tank x2  
  157  15:59  SCV  
  157  16:01  Terran Infantry Weapons Level 3  
  157  16:02  Terran Infantry Armor Level 3  
  158  16:06  Stimpack  
  158  16:08  Medivac  
  158  16:09  Medivac  
  162  16:11  SCV  
  159  16:40  Command Center  
  159  16:44  Marine x5  
  164  16:49  Supply Depot, Marine x3  
  164  16:50  Supply Depot  
  164  16:51  Marine  
  159  17:01  SCV x3, Marine  
  145  17:02  Marine x6  
  145  17:06  Marine x3  
  149  17:08  Marine  
  150  17:18  SCV x4  
  150  17:19  Marine x3  
  150  17:20  Marine x4  
  161  17:23  Siege Tank  
  161  17:24  Marine x2, Siege Tank  
  161  17:25  Medivac  
  161  17:26  Medivac x2  
  175  17:30  SCV  
  176  17:43  Terran Vehicle Weapons Level 2  
  176  17:46  Marine x2  
  176  17:47  Marine x2  
  180  17:52  Marine  
  180  17:55  Medivac  
  183  18:18  Marine  
  183  18:19  Marine x5  
  183  18:26  Thor x2  
  195  18:40  Barracks  
  195  18:42  Barracks  
  195  18:45  Factory  
  195  18:52  SCV  
  184  18:58  Marine  
  184  18:59  Marine x7  
  184  19:00  Marine  
  178  19:04  SCV  
  172  19:16  SCV  
  166  19:22  Marine x6  
  166  19:23  Marine x3  
  145  19:34  Marine x2  
  129  19:39  Marine  
  129  19:40  Marine x4  
  123  19:52  Marine x2  
  121  19:53  Marine x4  
  121  19:57  Marine x2  
  121  19:58  Marine x3  
  126  20:06  Missile Turret  
  123  20:10  Marine x3  
  123  20:11  Marine x3  
  128  20:15  Marine x3  
  128  20:16  Marine  
  128  20:17  SCV x5  
  137  20:28  Factory Tech Lab  
  137  20:29  SCV x2, Barracks Reactor  
  137  20:30  Barracks Reactor  
  139  20:36  SCV  
  139  20:42  SCV x2  
  142  20:43  SCV  
  142  20:48  SCV  
  139  20:50  Missile Turret  
  135  21:00  SCV x2  
  135  21:01  SCV x2  
  135  21:02  SCV, Marine x3  
  135  21:03  Marine x5  
  146  21:12  SCV, Barracks  
  146  21:13  Barracks  
  146  21:16  Barracks  
  144  21:20  SCV x2  
  144  21:21  SCV x2  
  144  21:24  SCV  
  142  21:33  SCV x3  
  142  21:37  SCV  
  144  21:45  SCV x3  
  147  21:49  SCV  
  145  21:55  Command Center  
  145  21:57  SCV  
  145  21:59  Marine x5  
  145  22:00  Marine x4  
  151  22:11  SCV x4  
  151  22:23  SCV x2  
  152  22:34  Command Center  
Tags
 
Composition
Mech
Matchup
TvT
Race
Terran
Spawn Locations
Cross Positions
Strategy
Banshee Rush
Add a new tag
Caveats
  • Supply blocks, unpowered buildings, or Contaminate may cause inaccurate times.
  • Supply counts are checked every 10 seconds.